Capitals vs Predators

Created - 12 mars 2018 at 20:56

Goals
1 2 3 T
Capitals 1 0 3 4
Predators 1 1 0 2
Shots
1 2 3 T
Capitals 3 6 23 32
Predators 13 12 7 32

1st period

1. Predators , Vladislav Namestnikov 11 (Phillip Danault 20, Elias Lindholm 32) at 10:57
2. Capitals , Taylor Hall 26 (Alexander Ovechkin 36, Ryan Kesler 54) at 19:35

Penalties :
Ryan Kesler (WSH) for Tripping (Minor) at 2:04, Mathieu Perreault (WSH) for Tripping (Minor) at 8:50, Cody Eakin (WSH) for Tripping (Minor) at 12:26

2nd period

3. Predators , Nicklas Backstrom 25 (Roman Josi 51, Oliver Ekman-Larsson 30) at 4:59

Penalties :
Derek Dorsett (WSH) for Interference (Minor) at 11:52, Steven Stamkos (NSH) for Roughing (Minor) at 18:55

3rd period

4. Capitals , Taylor Hall 27 (Ryan Kesler 55, Alexander Ovechkin 37) at 5:26
5. Capitals , Alexander Ovechkin 34 (Taylor Hall 32, Dmitri Orlov 18) at 11:01 (PP)
6. Capitals , Ryan Kesler 34 (Taylor Hall 33, Ryan McDonagh 44) at 14:15

Penalties :
Anton Lindholm (NSH) for Slashing (Minor) at 10:43, Oliver Ekman-Larsson (NSH) for Slashing (Minor) at 15:12

Goalie Stats

Cam Ward (WSH), 30 saves from 32 shots - (0.938), W, 39-23-6, 60:00 minutes
Calvin Pickard (NSH), 28 saves from 32 shots - (0.875), L, 8-7-2, 60:00 minutes

Players Stats for Capitals

Player Name              G  A  P  +/- PIM S  H  SB GA TA FO     MP     PP MP  PK MP  
------------------------------------------------------------------------------------
Alexander Ovechkin       1  2  3   2  0   9  4  0  0  0  2/6    23:36   2:17   3:56 
Andrew Desjardins        0  0  0  -1  0   0  0  0  0  0  1/2     1:17   0:00   0:30 
Cody Eakin               0  0  0   0  2   4  2  1  0  0  0/3    16:42   1:59   3:23 
David Desharnais         0  0  0   0  0   3  0  0  0  0  1/5    21:00   1:59   2:56 
Derek Dorsett            0  0  0  -1  2   0  2  0  0  0  0/0     8:35   0:00   0:00 
Dmitri Orlov             0  1  1   1  0   0  0  0  0  0  0/0    17:46   2:17   3:46 
Jack Johnson             0  0  0   1  0   0  1  1  0  0  0/0    24:06   1:59   4:14 
Lukas Sedlak             0  0  0   0  0   1  1  0  0  0  0/0    13:09   0:00   0:00 
Mathieu Perreault        0  0  0   0  2   1  1  0  0  0  14/18  11:01   0:00   0:00 
Mike Blunden             0  0  0  -1  0   0  0  0  0  0  0/1     8:36   0:00   0:00 
Mike Green               0  0  0   0  0   1  0  0  0  0  0/0    20:33   2:17   3:18 
Morgan Rielly            0  0  0   0  0   1  0  1  0  0  0/0    15:21   0:00   0:24 
Ryan Kesler              1  2  3   2  2   3  3  0  0  0  11/28  20:28   2:17   1:58 
Ryan McDonagh            0  1  1   0  0   2  0  1  0  0  0/0    27:16   1:59   4:10 
Ryan Murphy              0  0  0   0  0   1  0  1  0  0  0/0    14:58   0:00   0:00 
Sergey Kalinin           0  0  0   0  0   0  0  0  0  0  9/16   13:10   0:00   0:01 
Taylor Hall              2  2  4   2  0   3  0  0  0  0  1/4    21:25   2:17   3:08 
Viktor Stalberg          0  0  0   0  0   3  1  0  0  0  1/4    13:01   1:59   0:00 

Players Stats for Predators

Player Name              G  A  P  +/- PIM S  H  SB GA TA FO     MP     PP MP  PK MP  
------------------------------------------------------------------------------------
Anton Lindholm           0  0  0   1  2   0  1  0  0  0  0/0    12:00   0:00   0:41 
Chris Kelly              0  0  0   0  0   0  1  0  0  0  2/7     8:19   0:00   0:00 
Colton Sissons           0  0  0   0  0   1  0  0  0  0  1/1     8:47   0:28   0:00 
Connor Murphy            0  0  0   1  0   0  2  0  0  0  0/0    11:20   0:00   0:00 
Elias Lindholm           0  1  1   1  0   2  0  0  0  0  5/12   14:55   3:48   1:28 
J.T. Miller              0  0  0  -1  0   3  4  1  0  0  1/2    17:58   3:40   0:43 
Jaden Schwartz           0  0  0  -1  0   2  1  0  0  0  0/0    17:51   3:40   0:36 
Kevin Hayes              0  0  0  -1  0   1  0  0  0  0  0/0    16:15   0:00   0:00 
Max Pacioretty           0  0  0  -1  0   3  1  0  0  0  1/2    21:07   4:16   0:36 
Milan Michalek           0  0  0   0  0   1  0  0  0  0  0/0     8:19   0:00   0:00 
Nicklas Backstrom        1  0  1  -1  0   5  0  0  0  0  22/33  24:04   4:16   3:33 
Nikita Zadorov           0  0  0  -2  0   2  3  2  0  0  0/0    20:51   3:42   1:52 
Oliver Ekman-Larsson     0  1  1   0  2   1  3  2  0  0  0/0    26:33   4:14   1:09 
Oscar Klefbom            0  0  0  -2  0   1  0  2  0  0  0/0    21:25   3:42   2:26 
Phillip Danault          0  1  1   1  0   0  2  0  0  0  0/2     9:39   0:00   0:00 
Roman Josi               0  1  1   0  0   2  1  0  0  0  0/0    27:49   4:14   2:24 
Steven Stamkos           0  0  0  -1  2   7  2  0  0  0  15/28  18:50   3:40   1:36 
Vladislav Namestnikov    1  0  1   1  0   1  1  0  0  0  0/0     9:39   0:00   0:00 

3 Stars

1 - Taylor Hall (WSH)
2 - Alexander Ovechkin (WSH)
3 - Ryan Kesler (WSH)

Power Play

Capitals - 1 on 3 Attempt(s) - 33.33%
Predators - 0 on 4 Attempt(s) - 0.00%

Penalty Kill

Capitals - 4 on 4 Attempt(s) - 100.00% - Score 0 goal in Penalty Kill
Predators - 2 on 3 Attempt(s) - 66.67% - Score 0 goal in Penalty Kill

Team Stat

Capitals - Hits : 15 - Faceoff Wins : 40 - Blocked Shots : 5 - Penalty Minutes : 8
Predators - Hits : 22 - Faceoff Wins : 47 - Blocked Shots : 7 - Penalty Minutes : 6

Official

Referees : Francis Charron and Kendrick Nicholson
Linesman : Greg Devorski and Mark Wheler

Game Notes

Andrew Desjardins is injured at 10:59 of 1st period (Bruised Right Foot)

Finance

Level 1 -- Attendance: 5918 (91.05%) -- Ticket Income 591 800 $
Level 2 -- Attendance: 4438 (88.76%) -- Ticket Income 341 726 $
Level 3 -- Attendance: 3065 (87.57%) -- Ticket Income 177 770 $
Level 4 -- Attendance: 1113 (100.00%) -- Ticket Income 46 746 $
Luxury Box -- Attendance: 911 (91.10%) -- Ticket Income 168 535 $
Game was played at the Bridgestone Arena.
Total Attendance: 15445 (90.25%)
Total Ticket Income: 1 326 577 $
Other Income: 198 987 $
Total Income: 1 525 564 $

% Time on Ice - Capitals

Lines # - Real PCT - Wanted PCT - Time Play
Normal Forward
1 - 31% - 40% - 15:01
2 - 28% - 30% - 13:09
3 - 23% - 20% - 11:02
4 - 18% - 10% - 8:36
Normal Defense
1 - 37% - 40% - 17:31
2 - 32% - 30% - 15:20
3 - 22% - 20% - 10:42
4 - 9% - 10% - 4:15
PP Forward
1 - 54% - 60% - 2:17
2 - 46% - 40% - 1:59
PP Defense
1 - 46% - 60% - 1:59
2 - 54% - 40% - 2:17
PK Forward
1 - 70% - 60% - 5:33
2 - 30% - 40% - 2:23
PK Defense
1 - 53% - 60% - 4:10
2 - 47% - 40% - 3:46
PK3 Forward
1 - 0% - 60%
2 - 0% - 40%
PK3 Defense
1 - 0% - 60%
2 - 0% - 40%
44 Forward
1 - 0% - 60%
2 - 0% - 40%
44 Defense
1 - 0% - 60%
2 - 0% - 40%
Last Minute Offensive  - 0:00
Last Minute Defensive  - 0:00
Total
Forward - 60:00
Defense - 60:00

% Time on Ice - Predators

Lines # - Real PCT - Wanted PCT - Time Play
Normal Forward
1 - 34% - 40% - 16:15
2 - 28% - 30% - 13:35
3 - 20% - 20% - 9:39
4 - 17% - 10% - 8:19
Normal Defense
1 - 40% - 40% - 19:05
2 - 32% - 30% - 15:17
3 - 24% - 20% - 11:20
4 - 4% - 10% - 2:06
PP Forward
1 - 54% - 60% - 4:16
2 - 46% - 40% - 3:40
PP Defense
1 - 53% - 60% - 4:14
2 - 47% - 40% - 3:42
PK Forward
1 - 86% - 60% - 3:40
2 - 14% - 40% - 0:36
PK Defense
1 - 56% - 60% - 2:24
2 - 44% - 40% - 1:52
PK3 Forward
1 - 0% - 60%
2 - 0% - 40%
PK3 Defense
1 - 0% - 60%
2 - 0% - 40%
44 Forward
1 - 0% - 60%
2 - 0% - 40%
44 Defense
1 - 0% - 60%
2 - 0% - 40%
Last Minute Offensive  - 0:00
Last Minute Defensive  - 0:00
Total
Forward - 60:00
Defense - 60:00

Play by Play

1st period


0:01 of 1st period - Nicklas Backstrom wins face-off versus Ryan Kesler in neutral zone.
0:27 of 1st period - Shot by Oliver Ekman-Larsson.
0:27 of 1st period - Stopped by Cam Ward without a rebound.
0:28 of 1st period - Sergey Kalinin wins face-off versus Steven Stamkos in Capitals zone.
0:28 of 1st period - Sergey Kalinin is hit by Steven Stamkos.
0:41 of 1st period - Shot by Mike Green.
0:41 of 1st period - Stopped by Calvin Pickard without a rebound.
0:42 of 1st period - Mathieu Perreault wins face-off versus Elias Lindholm in Predators zone.
0:57 of 1st period - Icing by Dmitri Orlov.
0:58 of 1st period - Mathieu Perreault wins face-off versus Chris Kelly in Capitals zone.
1:58 of 1st period - Icing by Oscar Klefbom.
1:59 of 1st period - Steven Stamkos wins face-off versus Ryan Kesler in Predators zone.
1:59 of 1st period - Steven Stamkos is hit by Ryan Kesler.
2:04 of 1st period - Minor Penalty to Ryan Kesler for Tripping.
2:05 of 1st period - Nicklas Backstrom wins face-off versus David Desharnais in Capitals zone.
4:18 of 1st period - Icing by Connor Murphy.
4:19 of 1st period - Colton Sissons wins face-off versus Sergey Kalinin in Predators zone.
5:25 of 1st period - Icing by Roman Josi.
5:26 of 1st period - Nicklas Backstrom wins face-off versus Ryan Kesler in Predators zone.
5:30 of 1st period - Max Pacioretty is hit by Alexander Ovechkin and loses puck.
5:42 of 1st period - Max Pacioretty is hit by Jack Johnson and loses puck.
5:45 of 1st period - Shot by Kevin Hayes.
5:45 of 1st period - Shot Misses the Net.
5:47 of 1st period - Shot by Kevin Hayes.
5:47 of 1st period - Shot Misses the Net.
5:53 of 1st period - Shot by Kevin Hayes.
5:53 of 1st period - Shot Misses the Net.
5:55 of 1st period - Shot by Nicklas Backstrom.
5:55 of 1st period - Shot Misses the Net.
5:57 of 1st period - Shot by Roman Josi.
5:57 of 1st period - Stopped by Cam Ward without a rebound.
5:58 of 1st period - Steven Stamkos wins face-off versus Mathieu Perreault in Capitals zone.
6:11 of 1st period - Shot by Steven Stamkos.
6:11 of 1st period - Stopped by Cam Ward without a rebound.
6:12 of 1st period - Elias Lindholm wins face-off versus Andrew Desjardins in Capitals zone.
6:33 of 1st period - Shot by Elias Lindholm.
6:33 of 1st period - Stopped by Cam Ward without a rebound.
6:34 of 1st period - Ryan Kesler wins face-off versus Steven Stamkos in Capitals zone.
7:49 of 1st period - Icing by Roman Josi.
7:50 of 1st period - Sergey Kalinin wins face-off versus Steven Stamkos in Predators zone.
8:01 of 1st period - David Desharnais is hit by J.T. Miller and loses puck.
8:16 of 1st period - Shot by Kevin Hayes.
8:16 of 1st period - Deflect By Max Pacioretty.
8:16 of 1st period - Stopped by Cam Ward without a rebound.
8:17 of 1st period - Mathieu Perreault wins face-off versus Phillip Danault in Capitals zone.
8:41 of 1st period - Shot by Elias Lindholm.
8:41 of 1st period - Shot Misses the Net.
8:50 of 1st period - Minor Penalty to Mathieu Perreault for Tripping.
8:51 of 1st period - Nicklas Backstrom wins face-off versus David Desharnais in Capitals zone.
9:54 of 1st period - Dmitri Orlov is hit by Jaden Schwartz and loses puck.
10:57 of 1st period - Shot by Vladislav Namestnikov.
10:57 of 1st period - Goal by Vladislav Namestnikov - Capitals : 0 - Predators : 1.
10:58 of 1st period - Andrew Desjardins wins face-off versus Chris Kelly in neutral zone.
10:58 of 1st period - Andrew Desjardins is hit by Chris Kelly.
10:59 of 1st period - Andrew Desjardins from Capitals is injured at 10:59 of 1st period (Bruised Right Foot).
11:00 of 1st period - Elias Lindholm wins face-off versus Ryan Kesler in neutral zone.
11:07 of 1st period - Shot by Elias Lindholm.
11:07 of 1st period - Stopped by Cam Ward without a rebound.
11:08 of 1st period - Chris Kelly wins face-off versus Ryan Kesler in Capitals zone.
11:12 of 1st period - Icing by Dmitri Orlov.
11:13 of 1st period - Nicklas Backstrom wins face-off versus Ryan Kesler in Capitals zone.
11:14 of 1st period - Shot by Max Pacioretty.
11:14 of 1st period - Shot Misses the Net.
11:22 of 1st period - Shot by Max Pacioretty.
11:22 of 1st period - Deflect By Nicklas Backstrom.
11:22 of 1st period - Shot Misses the Net.
11:49 of 1st period - Icing by Roman Josi.
11:50 of 1st period - Nicklas Backstrom wins face-off versus David Desharnais in Predators zone.
12:25 of 1st period - Off-side.
12:26 of 1st period - Steven Stamkos wins face-off versus Mathieu Perreault in neutral zone.
12:26 of 1st period - Minor Penalty to Cody Eakin for Tripping.
12:27 of 1st period - Steven Stamkos wins face-off versus Taylor Hall in Capitals zone.
13:29 of 1st period - Shot by Nicklas Backstrom.
13:29 of 1st period - Stopped by Cam Ward without a rebound.
13:30 of 1st period - David Desharnais wins face-off versus Nicklas Backstrom in Capitals zone.
13:39 of 1st period - Shot by Elias Lindholm.
13:39 of 1st period - Shot Misses the Net.
13:49 of 1st period - Shot by Taylor Hall.
13:49 of 1st period - Shot Misses the Net.
14:37 of 1st period - Shot by Chris Kelly.
14:37 of 1st period - Shot Blocked by Cody Eakin.
14:39 of 1st period - Shot by Chris Kelly.
14:39 of 1st period - Shot Misses the Net.
14:41 of 1st period - Shot by Colton Sissons.
14:41 of 1st period - Shot Blocked by Ryan Murphy.
15:12 of 1st period - Jaden Schwartz is hit by Viktor Stalberg and loses puck.
15:37 of 1st period - Shot by Taylor Hall.
15:37 of 1st period - Shot Misses the Net.
15:39 of 1st period - Shot by Morgan Rielly.
15:39 of 1st period - Stopped by Calvin Pickard with a rebound.
16:16 of 1st period - Icing by Jack Johnson.
16:17 of 1st period - Nicklas Backstrom wins face-off versus Sergey Kalinin in Capitals zone.
16:49 of 1st period - Shot by Kevin Hayes.
16:49 of 1st period - Shot Misses the Net.
17:24 of 1st period - Shot by Vladislav Namestnikov.
17:24 of 1st period - Shot Misses the Net.
18:00 of 1st period - Shot by Chris Kelly.
18:00 of 1st period - Shot Misses the Net.
18:02 of 1st period - Shot by Colton Sissons.
18:02 of 1st period - Stopped by Cam Ward with a rebound.
18:04 of 1st period - Shot by Oscar Klefbom.
18:04 of 1st period - Stopped by Cam Ward without a rebound.
18:05 of 1st period - J.T. Miller wins face-off versus Ryan Kesler in Capitals zone.
18:21 of 1st period - Shot by Jaden Schwartz.
18:21 of 1st period - Shot Misses the Net.
18:23 of 1st period - Shot by J.T. Miller.
18:23 of 1st period - Stopped by Cam Ward without a rebound.
18:24 of 1st period - Mathieu Perreault wins face-off versus Nicklas Backstrom in Capitals zone.
19:09 of 1st period - Shot by Mike Green.
19:09 of 1st period - Shot Misses the Net.
19:31 of 1st period - Shot by Alexander Ovechkin.
19:31 of 1st period - Shot Misses the Net.
19:35 of 1st period - Shot by Taylor Hall.
19:35 of 1st period - Goal by Taylor Hall - Capitals : 1 - Predators : 1.
19:36 of 1st period - Steven Stamkos wins face-off versus Cody Eakin in neutral zone.
19:41 of 1st period - Shot by Steven Stamkos.
19:41 of 1st period - Stopped by Cam Ward without a rebound.
19:42 of 1st period - Steven Stamkos wins face-off versus Alexander Ovechkin in Capitals zone.
19:51 of 1st period - Shot by J.T. Miller.
19:51 of 1st period - Stopped by Cam Ward without a rebound.
19:52 of 1st period - Ryan Kesler wins face-off versus Elias Lindholm in Capitals zone.
Goals for this period are 1 for Capitals vs 1 for Predators.
Shots for this period are 3 for Capitals vs 13 for Predators.

2nd period


0:01 of 2nd period - Ryan Kesler wins face-off versus Nicklas Backstrom in neutral zone.
0:37 of 2nd period - Shot by Nicklas Backstrom.
0:37 of 2nd period - Stopped by Cam Ward without a rebound.
0:38 of 2nd period - Sergey Kalinin wins face-off versus Steven Stamkos in Capitals zone.
0:38 of 2nd period - Sergey Kalinin is hit by J.T. Miller.
1:01 of 2nd period - Icing by Oscar Klefbom.
1:02 of 2nd period - Mathieu Perreault wins face-off versus Steven Stamkos in Predators zone.
1:08 of 2nd period - Mathieu Perreault is hit by Nikita Zadorov and loses puck.
3:12 of 2nd period - Shot by Vladislav Namestnikov.
3:12 of 2nd period - Shot Blocked by Jack Johnson.
3:18 of 2nd period - Connor Murphy is hit by Ryan Kesler and loses puck.
3:30 of 2nd period - David Desharnais is hit by Anton Lindholm and loses puck.
4:23 of 2nd period - Off-side.
4:24 of 2nd period - Steven Stamkos wins face-off versus Alexander Ovechkin in neutral zone.
4:37 of 2nd period - Shot by J.T. Miller.
4:37 of 2nd period - Stopped by Cam Ward without a rebound.
4:38 of 2nd period - Nicklas Backstrom wins face-off versus Ryan Kesler in Capitals zone.
4:59 of 2nd period - Shot by Nicklas Backstrom.
4:59 of 2nd period - Goal by Nicklas Backstrom - Capitals : 1 - Predators : 2.
5:00 of 2nd period - Taylor Hall wins face-off versus J.T. Miller in neutral zone.
5:18 of 2nd period - Shot by Taylor Hall.
5:18 of 2nd period - Stopped by Calvin Pickard without a rebound.
5:19 of 2nd period - Nicklas Backstrom wins face-off versus Mathieu Perreault in Predators zone.
5:28 of 2nd period - Shot by Nicklas Backstrom.
5:28 of 2nd period - Stopped by Cam Ward without a rebound.
5:29 of 2nd period - Steven Stamkos wins face-off versus Ryan Kesler in Capitals zone.
5:42 of 2nd period - Shot by Taylor Hall.
5:42 of 2nd period - Shot Misses the Net.
5:44 of 2nd period - Shot by Ryan Kesler.
5:44 of 2nd period - Stopped by Calvin Pickard without a rebound.
5:45 of 2nd period - Sergey Kalinin wins face-off versus Nicklas Backstrom in Predators zone.
6:10 of 2nd period - Shot by David Desharnais.
6:10 of 2nd period - Shot Misses the Net.
6:47 of 2nd period - Shot by Steven Stamkos.
6:47 of 2nd period - Deflect By Jaden Schwartz.
6:47 of 2nd period - Stopped by Cam Ward without a rebound.
6:48 of 2nd period - Ryan Kesler wins face-off versus Elias Lindholm in Capitals zone.
6:48 of 2nd period - Ryan Kesler is hit by Vladislav Namestnikov.
7:09 of 2nd period - Shot by Alexander Ovechkin.
7:09 of 2nd period - Stopped by Calvin Pickard with a rebound.
7:16 of 2nd period - Off-side.
7:17 of 2nd period - Mathieu Perreault wins face-off versus Steven Stamkos in neutral zone.
7:31 of 2nd period - Icing by Roman Josi.
7:32 of 2nd period - Steven Stamkos wins face-off versus Mike Blunden in Predators zone.
7:32 of 2nd period - Steven Stamkos is hit by Derek Dorsett.
7:45 of 2nd period - Off-side.
7:46 of 2nd period - Mathieu Perreault wins face-off versus Nicklas Backstrom in neutral zone.
7:46 of 2nd period - Cody Eakin is hit by Nikita Zadorov and loses puck.
7:59 of 2nd period - Shot by Mathieu Perreault.
7:59 of 2nd period - Shot Misses the Net.
8:01 of 2nd period - Shot by Mike Green.
8:01 of 2nd period - Shot Misses the Net.
8:07 of 2nd period - Shot by Cody Eakin.
8:07 of 2nd period - Stopped by Calvin Pickard without a rebound.
8:08 of 2nd period - Steven Stamkos wins face-off versus Ryan Kesler in Predators zone.
8:39 of 2nd period - Shot by Jaden Schwartz.
8:39 of 2nd period - Stopped by Cam Ward without a rebound.
8:40 of 2nd period - Nicklas Backstrom wins face-off versus Sergey Kalinin in Capitals zone.
8:55 of 2nd period - Shot by Max Pacioretty.
8:55 of 2nd period - Shot Misses the Net.
8:57 of 2nd period - Shot by Nikita Zadorov.
8:57 of 2nd period - Shot Misses the Net.
9:47 of 2nd period - Shot by Phillip Danault.
9:47 of 2nd period - Shot Misses the Net.
9:49 of 2nd period - Shot by Elias Lindholm.
9:49 of 2nd period - Shot Misses the Net.
10:33 of 2nd period - Shot by Steven Stamkos.
10:33 of 2nd period - Stopped by Cam Ward without a rebound.
10:34 of 2nd period - Ryan Kesler wins face-off versus Chris Kelly in Capitals zone.
11:39 of 2nd period - Shot by Viktor Stalberg.
11:39 of 2nd period - Shot Misses the Net.
11:41 of 2nd period - Shot by Morgan Rielly.
11:41 of 2nd period - Shot Blocked by Nikita Zadorov.
11:43 of 2nd period - Shot by Cody Eakin.
11:43 of 2nd period - Stopped by Calvin Pickard without a rebound.
11:44 of 2nd period - Steven Stamkos wins face-off versus Cody Eakin in Predators zone.
11:52 of 2nd period - Minor Penalty to Derek Dorsett for Interference.
11:53 of 2nd period - Steven Stamkos wins face-off versus Ryan Kesler in Capitals zone.
12:20 of 2nd period - Dmitri Orlov is hit by Steven Stamkos and loses puck.
12:43 of 2nd period - Jack Johnson is hit by J.T. Miller and loses puck.
13:27 of 2nd period - Shot by Max Pacioretty.
13:27 of 2nd period - Stopped by Cam Ward with a rebound.
13:29 of 2nd period - Shot by Nikita Zadorov.
13:29 of 2nd period - Stopped by Cam Ward without a rebound.
13:30 of 2nd period - Nicklas Backstrom wins face-off versus David Desharnais in Capitals zone.
13:39 of 2nd period - Shot by Max Pacioretty.
13:39 of 2nd period - Shot Misses the Net.
14:59 of 2nd period - Off-side.
15:00 of 2nd period - Steven Stamkos wins face-off versus Sergey Kalinin in neutral zone.
15:09 of 2nd period - Shot by Steven Stamkos.
15:09 of 2nd period - Stopped by Cam Ward without a rebound.
15:10 of 2nd period - Nicklas Backstrom wins face-off versus Sergey Kalinin in Capitals zone.
17:14 of 2nd period - Icing by Mike Green.
17:15 of 2nd period - Ryan Kesler wins face-off versus Elias Lindholm in Capitals zone.
17:44 of 2nd period - Shot by Viktor Stalberg.
17:44 of 2nd period - Stopped by Calvin Pickard without a rebound.
17:45 of 2nd period - Chris Kelly wins face-off versus Cody Eakin in Predators zone.
17:45 of 2nd period - Chris Kelly is hit by Derek Dorsett.
17:48 of 2nd period - Icing by Roman Josi.
17:49 of 2nd period - Mathieu Perreault wins face-off versus Chris Kelly in Predators zone.
17:49 of 2nd period - Dmitri Orlov is hit by Roman Josi and loses puck.
18:11 of 2nd period - Icing by Roman Josi.
18:12 of 2nd period - Alexander Ovechkin wins face-off versus Chris Kelly in Predators zone.
18:49 of 2nd period - Shot by Kevin Hayes.
18:49 of 2nd period - Stopped by Cam Ward with a rebound.
18:51 of 2nd period - Shot by Oscar Klefbom.
18:51 of 2nd period - Shot Misses the Net.
18:53 of 2nd period - Shot by Nikita Zadorov.
18:53 of 2nd period - Stopped by Cam Ward without a rebound.
18:54 of 2nd period - Mathieu Perreault wins face-off versus Steven Stamkos in Capitals zone.
18:54 of 2nd period - Morgan Rielly is hit by J.T. Miller.
18:55 of 2nd period - Minor Penalty to Steven Stamkos for Roughing.
18:56 of 2nd period - Nicklas Backstrom wins face-off versus Viktor Stalberg in Predators zone.
18:56 of 2nd period - Nicklas Backstrom is hit by Cody Eakin.
19:43 of 2nd period - Off-side.
19:44 of 2nd period - Nicklas Backstrom wins face-off versus Ryan Kesler in neutral zone.
Goals for this period are 0 for Capitals vs 1 for Predators.
Shots for this period are 6 for Capitals vs 12 for Predators.

3rd period


0:01 of 3rd period - Ryan Kesler wins face-off versus Nicklas Backstrom in neutral zone.
0:28 of 3rd period - Shot by Ryan McDonagh.
0:28 of 3rd period - Stopped by Calvin Pickard without a rebound.
0:29 of 3rd period - Nicklas Backstrom wins face-off versus Viktor Stalberg in Predators zone.
0:42 of 3rd period - Shot by Mike Green.
0:42 of 3rd period - Shot Blocked by Oscar Klefbom.
0:50 of 3rd period - Shot by David Desharnais.
0:50 of 3rd period - Stopped by Calvin Pickard without a rebound.
0:51 of 3rd period - Nicklas Backstrom wins face-off versus Ryan Kesler in Predators zone.
1:10 of 3rd period - Shot by Milan Michalek.
1:10 of 3rd period - Stopped by Cam Ward with a rebound.
1:12 of 3rd period - Shot by Chris Kelly.
1:12 of 3rd period - Shot Blocked by Ryan McDonagh.
1:59 of 3rd period - Shot by Steven Stamkos.
1:59 of 3rd period - Stopped by Cam Ward with a rebound.
2:01 of 3rd period - Shot by Steven Stamkos.
2:01 of 3rd period - Stopped by Cam Ward with a rebound.
2:08 of 3rd period - Shot by J.T. Miller.
2:08 of 3rd period - Shot Misses the Net.
2:26 of 3rd period - David Desharnais is hit by Max Pacioretty and loses puck.
3:54 of 3rd period - Oliver Ekman-Larsson is hit by Ryan Kesler and loses puck.
4:23 of 3rd period - Shot by Viktor Stalberg.
4:23 of 3rd period - Shot Blocked by Oliver Ekman-Larsson.
4:25 of 3rd period - Shot by Cody Eakin.
4:25 of 3rd period - Stopped by Calvin Pickard without a rebound.
4:26 of 3rd period - Mathieu Perreault wins face-off versus Steven Stamkos in Predators zone.
4:29 of 3rd period - Shot by Cody Eakin.
4:29 of 3rd period - Deflect By Mathieu Perreault.
4:29 of 3rd period - Shot Misses the Net.
5:02 of 3rd period - Icing by Oscar Klefbom.
5:03 of 3rd period - Ryan Kesler wins face-off versus Steven Stamkos in Predators zone.
5:03 of 3rd period - Alexander Ovechkin is hit by Nikita Zadorov and loses puck.
5:26 of 3rd period - Shot by Taylor Hall.
5:26 of 3rd period - Goal by Taylor Hall - Capitals : 2 - Predators : 2.
5:27 of 3rd period - Nicklas Backstrom wins face-off versus Ryan Kesler in neutral zone.
5:34 of 3rd period - Shot by Max Pacioretty.
5:34 of 3rd period - Shot Misses the Net.
5:36 of 3rd period - Shot by Roman Josi.
5:36 of 3rd period - Shot Misses the Net.
5:38 of 3rd period - Shot by Max Pacioretty.
5:38 of 3rd period - Stopped by Cam Ward without a rebound.
5:39 of 3rd period - Mathieu Perreault wins face-off versus Elias Lindholm in Capitals zone.
6:44 of 3rd period - Shot by Alexander Ovechkin.
6:44 of 3rd period - Stopped by Calvin Pickard without a rebound.
6:45 of 3rd period - Ryan Kesler wins face-off versus Steven Stamkos in Predators zone.
6:59 of 3rd period - Off-side.
7:00 of 3rd period - Nicklas Backstrom wins face-off versus Taylor Hall in neutral zone.
7:05 of 3rd period - Shot by Nicklas Backstrom.
7:05 of 3rd period - Stopped by Cam Ward without a rebound.
7:06 of 3rd period - Nicklas Backstrom wins face-off versus Taylor Hall in Capitals zone.
7:31 of 3rd period - Shot by Nicklas Backstrom.
7:31 of 3rd period - Shot Blocked by Morgan Rielly.
7:33 of 3rd period - Shot by Roman Josi.
7:33 of 3rd period - Shot Misses the Net.
7:35 of 3rd period - Shot by Roman Josi.
7:35 of 3rd period - Stopped by Cam Ward without a rebound.
7:36 of 3rd period - Sergey Kalinin wins face-off versus Steven Stamkos in Capitals zone.
7:51 of 3rd period - Shot by David Desharnais.
7:51 of 3rd period - Shot Misses the Net.
7:53 of 3rd period - Shot by Ryan Murphy.
7:53 of 3rd period - Stopped by Calvin Pickard without a rebound.
7:54 of 3rd period - Elias Lindholm wins face-off versus Alexander Ovechkin in Predators zone.
7:54 of 3rd period - Elias Lindholm is hit by Alexander Ovechkin.
8:21 of 3rd period - Shot by Alexander Ovechkin.
8:21 of 3rd period - Stopped by Calvin Pickard without a rebound.
8:22 of 3rd period - Mathieu Perreault wins face-off versus Nicklas Backstrom in Predators zone.
8:34 of 3rd period - Icing by Nikita Zadorov.
8:35 of 3rd period - Sergey Kalinin wins face-off versus Nicklas Backstrom in Predators zone.
8:54 of 3rd period - Max Pacioretty is hit by Lukas Sedlak and loses puck.
9:33 of 3rd period - Shot by Taylor Hall.
9:33 of 3rd period - Shot Misses the Net.
9:35 of 3rd period - Shot by Ryan McDonagh.
9:35 of 3rd period - Stopped by Calvin Pickard without a rebound.
9:36 of 3rd period - Mathieu Perreault wins face-off versus Steven Stamkos in Predators zone.
9:41 of 3rd period - Shot by Cody Eakin.
9:41 of 3rd period - Shot Misses the Net.
10:03 of 3rd period - Shot by Viktor Stalberg.
10:03 of 3rd period - Stopped by Calvin Pickard with a rebound.
10:05 of 3rd period - Shot by Cody Eakin.
10:05 of 3rd period - Shot Misses the Net.
10:11 of 3rd period - Shot by Mathieu Perreault.
10:11 of 3rd period - Stopped by Calvin Pickard with a rebound.
10:43 of 3rd period - Minor Penalty to Anton Lindholm for Slashing.
10:44 of 3rd period - Nicklas Backstrom wins face-off versus Ryan Kesler in Predators zone.
10:53 of 3rd period - Shot by Dmitri Orlov.
10:53 of 3rd period - Shot Blocked by Nikita Zadorov.
10:55 of 3rd period - Shot by Dmitri Orlov.
10:55 of 3rd period - Shot Blocked by Oscar Klefbom.
10:59 of 3rd period - Shot by Alexander Ovechkin.
10:59 of 3rd period - Deflect By Taylor Hall.
10:59 of 3rd period - Shot Misses the Net.
11:01 of 3rd period - Shot by Alexander Ovechkin.
11:01 of 3rd period - Goal by Alexander Ovechkin - Capitals : 3 - Predators : 2.
11:02 of 3rd period - Sergey Kalinin wins face-off versus Phillip Danault in neutral zone.
11:02 of 3rd period - Sergey Kalinin is hit by Phillip Danault.
11:06 of 3rd period - Shot by Lukas Sedlak.
11:06 of 3rd period - Stopped by Calvin Pickard without a rebound.
11:07 of 3rd period - Sergey Kalinin wins face-off versus Elias Lindholm in Predators zone.
11:16 of 3rd period - Shot by David Desharnais.
11:16 of 3rd period - Stopped by Calvin Pickard without a rebound.
11:17 of 3rd period - Nicklas Backstrom wins face-off versus Ryan Kesler in Predators zone.
11:50 of 3rd period - Shot by Alexander Ovechkin.
11:50 of 3rd period - Shot Misses the Net.
11:54 of 3rd period - Shot by Alexander Ovechkin.
11:54 of 3rd period - Stopped by Calvin Pickard without a rebound.
11:55 of 3rd period - Sergey Kalinin wins face-off versus Steven Stamkos in Predators zone.
12:16 of 3rd period - Shot by Steven Stamkos.
12:16 of 3rd period - Stopped by Cam Ward without a rebound.
12:17 of 3rd period - Mathieu Perreault wins face-off versus Elias Lindholm in Capitals zone.
12:17 of 3rd period - Dmitri Orlov is hit by Phillip Danault.
12:32 of 3rd period - Cody Eakin is hit by Connor Murphy and loses puck.
12:38 of 3rd period - Cody Eakin is hit by Connor Murphy and loses puck.
12:41 of 3rd period - Shot by Cody Eakin.
12:41 of 3rd period - Stopped by Calvin Pickard without a rebound.
12:42 of 3rd period - Ryan Kesler wins face-off versus Max Pacioretty in Predators zone.
12:47 of 3rd period - Shot by Alexander Ovechkin.
12:47 of 3rd period - Stopped by Calvin Pickard with a rebound.
12:49 of 3rd period - Shot by Ryan Kesler.
12:49 of 3rd period - Deflect By Alexander Ovechkin.
12:49 of 3rd period - Stopped by Calvin Pickard with a rebound.
12:56 of 3rd period - Ryan Kesler is hit by Oliver Ekman-Larsson and loses puck.
13:07 of 3rd period - Shot by Taylor Hall.
13:07 of 3rd period - Shot Misses the Net.
13:15 of 3rd period - Shot by Alexander Ovechkin.
13:15 of 3rd period - Stopped by Calvin Pickard without a rebound.
13:16 of 3rd period - Steven Stamkos wins face-off versus Sergey Kalinin in Predators zone.
13:35 of 3rd period - Off-side.
13:36 of 3rd period - Elias Lindholm wins face-off versus Viktor Stalberg in neutral zone.
13:38 of 3rd period - Off-side.
13:39 of 3rd period - Max Pacioretty wins face-off versus Ryan Kesler in neutral zone.
14:13 of 3rd period - Shot by Taylor Hall.
14:13 of 3rd period - Shot Hit the Post.
14:15 of 3rd period - Shot by Ryan Kesler.
14:15 of 3rd period - Goal by Ryan Kesler - Capitals : 4 - Predators : 2.
14:16 of 3rd period - Steven Stamkos wins face-off versus Sergey Kalinin in neutral zone.
14:44 of 3rd period - Shot by David Desharnais.
14:44 of 3rd period - Stopped by Calvin Pickard without a rebound.
14:45 of 3rd period - Elias Lindholm wins face-off versus Mathieu Perreault in Predators zone.
14:45 of 3rd period - Elias Lindholm is hit by Mathieu Perreault.
15:04 of 3rd period - Cody Eakin is hit by Oliver Ekman-Larsson and loses puck.
15:12 of 3rd period - Minor Penalty to Oliver Ekman-Larsson for Slashing.
15:13 of 3rd period - Ryan Kesler wins face-off versus Nicklas Backstrom in Predators zone.
15:33 of 3rd period - Icing by Ryan McDonagh.
15:34 of 3rd period - Nicklas Backstrom wins face-off versus Alexander Ovechkin in Capitals zone.
15:56 of 3rd period - Shot by Ryan Kesler.
15:56 of 3rd period - Stopped by Calvin Pickard without a rebound.
15:57 of 3rd period - Viktor Stalberg wins face-off versus Nicklas Backstrom in Predators zone.
17:52 of 3rd period - Shot by Alexander Ovechkin.
17:52 of 3rd period - Stopped by Calvin Pickard with a rebound.
18:14 of 3rd period - Shot by Sergey Kalinin.
18:14 of 3rd period - Shot Misses the Net.
18:27 of 3rd period - Roman Josi is hit by Cody Eakin and loses puck.
18:33 of 3rd period - Mathieu Perreault is hit by Oliver Ekman-Larsson and loses puck.
18:36 of 3rd period - Shot by Ryan McDonagh.
18:36 of 3rd period - Shot Blocked by Oliver Ekman-Larsson.
18:40 of 3rd period - Shot by Viktor Stalberg.
18:40 of 3rd period - Stopped by Calvin Pickard without a rebound.
18:41 of 3rd period - Alexander Ovechkin wins face-off versus Nicklas Backstrom in Predators zone.
18:52 of 3rd period - Shot by Nicklas Backstrom.
18:52 of 3rd period - Shot Misses the Net.
19:05 of 3rd period - Max Pacioretty is hit by Alexander Ovechkin and loses puck.
19:18 of 3rd period - Nikita Zadorov is hit by Alexander Ovechkin.
19:46 of 3rd period - Shot by Derek Dorsett.
19:46 of 3rd period - Shot Blocked by J.T. Miller.
Goals for this period are 3 for Capitals vs 0 for Predators.
Shots for this period are 23 for Capitals vs 7 for Predators.